 Dungeon Crawl Stone Soup version 0.30-a0-263-ge22c4ad894 (webtiles) character file.

Game seed: 8669579026626243332

293742 freelancePsychic the Phalangite (level 20, -17/173 HPs)
             Began as a Minotaur Warper on Oct 14, 2022.
             Was the Champion of Hepliaklqana.
             Killed from afar by a deep elf high priest (21 damage)
             ... with damnation
             ... on level 3 of the Elven Halls.
             The game lasted 01:14:08 (37365 turns).

freelancePsychic the Phalangite (Minotaur Warper)  Turns: 37365, Time: 01:14:08

Health: -17/173    AC: 27    Str: 36    XL:     20   Next: 2%
Magic:  0/28       EV: 13    Int: 12    God:    Hepliaklqana [******]
Gold:   775        SH:  0    Dex: 11    Spells: 14/24 levels left

rFire   + . .      SeeInvis .    a - +7 bardiche (spect)
rCold   + . .      Faith    .    (shield currently unavailable)
rNeg    . . .      Spirit   +    H - +1 plate armour of Moral Flaws {rF+}
rPois   +          Reflect  .    (helmet restricted)
rElec   +          Harm     .    I - +2 cloak
rCorr   .          Rampage  .    v - +2 pair of gloves of Zixugraq {Int+2}
Will    .....                    T - +2 pair of boots
Stlth   ..........               p - amulet of guardian spirit
HPRegen 0.00/turn                g - ring of Daqoqec {Wiz Contam rF+ Will- Str+8}
MPRegen 0.21/turn                x - ring "Ogudapro" {Ice *Slow rElec rPois Str+4}

@: corroded, sick, studying 2 skills
A: reduced essence, horns 2, retaliatory headbutt
}: 2/15 runes: decaying, serpentine
a: Renounce Religion, Recall Ancestor, Ancestor Identity, Transference, Idealise


You were on level 3 of the Elven Halls.
You worshipped Hepliaklqana.
Hepliaklqana was exalted by your worship.
You visited 7 branches of the dungeon, and saw 34 of its levels.
You visited the Abyss 2 times.
You also visited: Ossuary.

You collected 3085 gold pieces.
You spent 2310 gold pieces at shops.

Inventory:

Hand Weapons
 a - a +7 spectral bardiche (weapon)
Missiles
 d - 14 javelins
 h - 46 poisoned darts
 k - 10 atropa-tipped darts
 K - 8 boomerangs (quivered)
 L - a silver boomerang
 M - 6 curare-tipped darts
Armour
 v - the +2 pair of gloves of Zixugraq (worn) {Int+2}
   (You acquired it on level 14 of the Dungeon)

   Int:       It affects your intelligence (+2).
 H - the +1 plate armour of Moral Flaws (worn) {rF+}
   (You found it on level 5 of the Dungeon)

   rF:        It protects you from fire.
 I - a +2 cloak (worn)
 T - a +2 pair of boots (worn)
Jewellery
 f - a +4 ring of evasion
 g - the ring of Daqoqec (left hand) {Wiz Contam rF+ Will- Str+8}
   (You found it on level 13 of the Dungeon)

   [ring of wizardry]

   It improves your spell success rate.
   Str:       It affects your strength (+8).
   rF:        It protects you from fire.
   Contam:    It causes magical contamination when unequipped.
   Will:      It decreases your willpower.
 j - the ring of the Enemy {Fire Fly Will+ Int+3 Slay+2}
   (You found it on level 3 of the Dungeon)

   [ring of fire]

   It enhances your fire magic.
   Int:       It affects your intelligence (+3).
   Slay:      It affects your accuracy & damage with ranged weapons and melee
   (+2).
   rF:        It protects you from fire.
   rC:        It makes you vulnerable to cold.
   Fly:       It grants you flight.
   Will:      It increases your willpower.
 p - an amulet of guardian spirit (around neck)
 x - the ring "Ogudapro" (right hand) {Ice *Slow rElec rPois Str+4}
   (You took it off a skeletal warrior on level 11 of the Dungeon)

   [ring of ice]

   It enhances your ice magic.
   Str:       It affects your strength (+4).
   rF:        It makes you vulnerable to fire.
   rC:        It protects you from cold.
   rElec:     It insulates you from electricity.
   rPois:     It protects you from poison.
   *Slow:     It may slow you when you take damage.
 O - a +4 ring of protection
Wands
 b - a wand of mindburst (16)
 y - a wand of flame (44)
 D - a wand of quicksilver (34)
 F - a wand of digging (5)
 Q - a wand of paralysis (32)
 W - a wand of polymorph (19)
 X - a wand of iceblast (22)
Scrolls
 c - 5 scrolls of blinking
 l - 4 scrolls of amnesia
 u - 7 scrolls of fog
 w - 8 scrolls of enchant armour
 A - 16 scrolls of teleportation {@r4}
 B - 6 scrolls of magic mapping
 J - 7 scrolls of fear
 S - 5 scrolls of poison
 U - 5 scrolls of vulnerability
 V - 3 scrolls of immolation
 Y - 13 scrolls of identify {@r1}
 Z - 3 scrolls of torment
Potions
 e - 2 potions of berserk rage
 i - 10 potions of ambrosia
 m - 3 potions of lignification
 n - a potion of heal wounds {@q2}
 r - 6 potions of attraction
 t - 6 potions of magic
 z - 5 potions of brilliance
 C - 15 potions of curing {@q1}
 E - 7 potions of mutation
 G - 8 potions of flight
 N - 6 potions of haste {@q3}
 P - 2 potions of cancellation
 R - 5 potions of might
Miscellaneous
 s - a box of beasts


   Skills:
 - Level 20.0 Fighting
 - Level 24.0 Polearms
 - Level 6.2 Throwing
 + Level 19.3 Armour
 + Level 13.0 Dodging
 - Level 2.6 Spellcasting
 - Level 6.6 Translocations
 - Level 13.1 Invocations
 * Level 11.5 Evocations


You had 14 spell levels left.
You knew the following spells:

 Your Spells              Type           Power      Damage    Failure   Level
a - Apportation           Tloc           34%        N/A       2%          1
b - Blink                 Tloc           34%        N/A       3%          2
c - Manifold Assault      Tloc           17%        N/A       21%         4
d - Lesser Beckoning      Tloc           34%        N/A       6%          3

Your spell library contained the following spells:

 Spells                   Type           Power      Damage    Failure   Level
 Gell's Gravitas          Tloc           17%        N/A       6%          3
 Teleport Other           Tloc           17%        N/A       6%          3
 Vhi's Electric Charge    Tloc/Air       18%        N/A       26%         3
 Kiss of Death            Conj/Necr      4%         2d5       32%         1
 Necrotise                Necr           4%         1d4       32%         1
 Sandblast                Erth           2%         2d4       32%         1
 Shock                    Conj/Air       4%         1d3       32%         1
 Summon Small Mammal      Summ           4%         N/A       32%         1
 Cigotuvi's Dreadful Rot  Necr/Pois/Air  2%         N/A       45%         2
 Passwall                 Tmut/Erth      0%         N/A       45%         2
 Poisonous Vapours        Pois/Air       2%         N/A       45%         2
 Sublimation of Blood     Necr           1%         N/A       45%         2
 Wereblood                Tmut           1%         N/A       45%         2
 Iskenderun's Mystic Bla  Conj/Tloc      9%         2d4       61%         4
 Confusing Touch          Hex            1%         N/A       67%         3
 Dazzling Flash           Conj/Hex       2%         N/A       67%         3
 Ignite Poison            Fire/Tmut/Pois 1%         N/A       67%         3
 Mephitic Cloud           Conj/Pois/Air  1%         N/A       67%         3
 Stone Arrow              Conj/Erth      2%         3d7       67%         3
 Swiftness                Air            1%         N/A       67%         3
 Summon Forest            Summ/Tloc      4%         N/A       90%         5
 Airstrike                Air            0%         2d(1-17)  96%         4
 Animate Armour           Summ/Erth      2%         N/A       96%         4
 Cause Fear               Hex            0%         N/A       96%         4
 Dispel Undead            Necr           1%         3d6       96%         4
 Petrify                  Tmut/Erth      1%         N/A       96%         4
 Sticky Flame             Conj/Fire      1%         2d3       96%         4
 Summon Lightning Spire   Summ/Air       1%         N/A       96%         4
 Dispersal                Tloc           8%         N/A       96%         6
 Alistair's Intoxication  Tmut/Pois      0%         N/A       100%        5
 Fireball                 Conj/Fire      0%         3d3       100%        5
 Irradiate                Conj/Tmut      0%         3d11      100%        5
 Lightning Bolt           Conj/Air       0%         1d11      100%        5
 Summon Mana Viper        Hex/Summ       1%         N/A       100%        5
 Death Channel            Necr           0%         N/A       100%        6
 Starburst                Conj/Fire      0%         6d3       100%        6
 Summon Cactus Giant      Summ           0%         N/A       100%        6
 Dragon Form              Tmut           0%         N/A       100%        7
 Haunt                    Necr/Summ      0%         N/A       100%        7
 Summon Hydra             Summ           0%         N/A       100%        7
 Disjunction              Tloc           8%         N/A       100%        8
 Ignition                 Fire           0%         3d3       100%        8
 Lehudib's Crystal Spear  Conj/Erth      0%         10d2      100%        8
 Dragon's Call            Summ           0%         N/A       100%        9


Dungeon Overview and Level Annotations

Branches:
Dungeon (15/15)            Temple (1/1) D:5            Lair (5/5) D:8
  Swamp (4/4) Lair:2        Snake (4/4) Lair:3        Slime (0/5) Lair:4
    Orc (2/2) D:11            Elf (3/3) Orc:2        Vaults (0/5) D:14
 Depths (0/4) D:15        Ossuary (visited)

Altars:
Ashenzari
Cheibriados
Dithmenos
Elyvilon
Fedhas
Gozag
Hepliaklqana
Kikubaaqudgha
Makhleb
Nemelex Xobeh
Okawaru
Qazlal
Ru
Trog
Uskayaw
Vehumet
Wu Jian
Xom
Yredelemnul
Zin
The Shining One

Shops:
D:3 [   D:15 :   Orc:1 ?   Orc:2 =[(*   Elf:2 !   Snake:1 (   Snake:2 (:

Annotations:
D:4 2 runed translucent doors, Iusername's ghost, novice MiFi
D:15 Roxanne
Temple 2 transporters
Swamp:2 2 transporters, Pooter's ghost, adept MiBe
Orc:2 1 runed translucent door, chippings's ghost, journeyman HuCA
Elf:1 3 runed translucent doors


Innate Abilities, Weirdness & Mutations

Your life essence is reduced to manifest your ancestor. (-10% HP)
You have a pair of horns on your head.
You reflexively headbutt those who attack you in melee.


Message History

The deep elf sorcerer is empowered by something's aura!
The deep elf annihilator is empowered by something's aura!
The deep elf zephyrmancer mumbles some strange words.
The deep elf zephyrmancer blinks!
The deep elf annihilator mumbles some strange words.
The deep elf annihilator blinks!
A fire elemental comes into view.
You swap places.
You feel very sick.
The deep elf high priest prays.
The deep elf blademaster completely misses you.
The deep elf blademaster hits you with a +0 rapier.
* * * LOW HITPOINT WARNING * * *
Things that are here:
a +0 shortbow; an elf skeleton You feel better.
Your surroundings suddenly seem different. 9 elves and an earth elemental come into view.
A deep elf sorcerer is wielding a +2 short sword of freezing.
The deep elf high priest shouts!
The deep elf pyromancer seems less brilliant.
The deep elf high priest mumbles some strange prayers to its god against you.
Something smites you!
* * * LOW HITPOINT WARNING * * *
The deep elf zephyrmancer mumbles some strange words.
The deep elf zephyrmancer blinks!
The deep elf sorcerer points at you and mumbles some strange words.
The bolt of acid hits you!!
* * * LOW HITPOINT WARNING * * *
The acid corrodes you!
The deep elf zephyrmancer gestures at you while chanting.
The bolt of lightning hits the fire elemental!
The fire elemental resists.
The bolt of lightning misses you.
The deep elf archer unwields a +0 short sword.
The deep elf archer wields a +0 longbow.
The deep elf archer shoots an arrow.
The arrow hits you!
* * * LOW HITPOINT WARNING * * *
The deep elf high priest mumbles some strange prayers to its god against you.
The sphere of damnation explodes!
The damnation engulfs you!!
You die...

e.(e. ...e...
#.##e####
###○ee##
###.eE.e.. .
##.e...○...
...##.....°ee..
.......°.°e.e..
....e..@.ee§...
...........#...
.......ee.#.#
........### .#
......E##
....... .......
.......


You could see a deep elf master archer, 2 deep elf annihilators, 2 deep elf
death magi, 3 deep elf sorcerers, a deep elf archer (empowered, repels
missiles), 4 deep elf high priests, an earth elemental, a deep elf pyromancer, 2
deep elf zephyrmancers and a fire elemental.

Vanquished Creatures
  Bai Suzhen (Swamp:4)
  A bone dragon (Abyss:2)
  Jorgrun (D:15)
  Mlioglotl (Snake:1)
  A Hell Sentinel (Abyss:2)
  2 deep elf blademasters (Elf:3)
  A tentacled starspawn (Abyss:2)
  Agnes (Snake:3)
  Donald (Snake:4)
  A thorn hunter (Swamp:3)
  5 nagarajas
  A daeva (Abyss:2)
  2 deep elf sorcerers
  Aizul (Snake:1)
  2 deep elf elementalists
  An orc warlord (Orc:2)
  Louise (D:15)
  3 very ugly things
  8 starcursed masses (Abyss:2)
  2 eleionomae
  4 bunyips
  2 deep elf demonologists (Elf:3)
  A minotaur (Lair:2)
  Snorg (Orc:2)
  An ettin (D:13)
  2 green deaths (Swamp:4)
  3 deep elf death magi (Elf:3)
  The ghost of Takou the Cleaver, a journeyman AtFi of Makhleb (Lair:2)
  A blizzard demon (Abyss:2)
  3 great orbs of eyes
  Erolcha (D:10)
  2 vault guards (D:14)
  14 hydras
  A spriggan zombie (Abyss:2)
  2 rakshasas
  3 salamander tyrants
  An ice dragon (D:11)
  A catoblepas (Lair:2)
  2 hell beasts (Swamp:4)
  4 centaur warriors
  2 ghost crabs (Swamp:1)
  An ogre mage (D:15)
  2 death knights
  8 anacondas
  4 boulder beetles
  6 two-headed ogres
  4 alligators
  9 shock serpents
  11 naga warriors
  25 dancing weapons
  2 tengu warriors
  13 naga sharpshooters
  2 thrashing horrors
  15 deep elf knights
  4 orc high priests (Orc:2)
  A spatial maelstrom (Abyss:2)
  A wretched star (Abyss:2)
  6 goliath frogs
  5 salamander mystics
  8 swamp dragons
  15 skeletal warriors
  A spectral anaconda (Lair:5)
  A steelbarb worm (shapeshifter) (D:15)
  2 spriggan druids
  A flayed ghost (Abyss:2)
  7 naga ritualists
  2 wizards (D:14)
  An obsidian statue (Lair:5)
  6 deep elf archers
  3 bog bodies
  4 orc knights
  3 necromancers (Lair:5)
  A mana viper (shapeshifter) (D:10)
  25 deep elf zephyrmancers
  5 cyclopes
  21 deep elf pyromancers
  10 ugly things
  10 mana vipers
  An oklob plant (Snake:4)
  3 manticores
  11 salamanders
  A salamander (shapeshifter) (Elf:1)
  An orc sorcerer (Orc:2)
  3 will-o-the-wisps (Swamp:4)
  16 elephants
  Maurice (D:10)
  41 black mambas
  A dire elephant zombie (Lair:5)
  5 guardian serpents (Snake:4)
  12 naga magi
  A smoke demon (Abyss:2)
  Maggie (D:6)
  3 gargoyles
  8 cane toads
  Psyche (D:8)
  A freezing wraith (D:14)
  3 rime drakes
  4 orange demons (Swamp:4)
  7 komodo dragons
  2 tengu conjurers (D:14)
  A kobold demonologist (D:12)
  An efreet (Abyss:2)
  3 polar bears
  3 trolls
  11 tyrant leeches
  A queen bee (D:14)
  5 hornets
  5 meliai (D:14)
  10 slime creatures
  A hornet (shapeshifter) (Elf:2)
  11 blink frogs (Lair:5)
  3 raiju (Abyss:2)
  4 dream sheep (Lair:5)
  A tarantella (shapeshifter) (D:15)
  5 small abominations (Abyss:2)
  A vampire (D:11)
  2 water elementals
  3 shadows
  An air elemental (Elf:2)
  10 wyverns
  14 yaks
  2 fire elementals (Elf:2)
  3 wraiths
  8 spriggans
  A hog (D:13)
  3 humans
  12 basilisks
  2 neqoxecs (Abyss:2)
  3 steam dragons
  7 vampire mosquitoes
  A redback simulacrum (D:15)
  2 spectral cane toads (Lair:5)
  31 nagas
  A warg (Orc:2)
  11 swamp worms
  3 acid dragons
  2 spatial vortices (Abyss:2)
  6 large abominations (Abyss:2)
  Duvessa (D:6)
  18 orc warriors
  13 water moccasins
  7 swamp drakes
  An ice beast (D:6)
  3 black bears
  A black bear (shapeshifter) (D:14)
  7 ogres
  An elephant zombie (Lair:5)
  8 wolves
  An elephant skeleton (Lair:5)
  9 centaurs
  2 kobold brigands
  Blork the orc (D:5)
  A gnoll sergeant (D:9)
  An earth elemental (Elf:1)
  The ghost of koil the Sneak, an amateur SpEn (D:3)
  7 bullfrogs
  2 necrophages (D:5)
  15 scorpions
  A cane toad simulacrum (Lair:5)
  11 wights
  27 killer bees
  Dowan (D:6)
  4 howler monkeys
  7 electric eels
  3 centaur zombies (Ossuary)
  A quasit (Abyss:2)
  5 jellies
  A gnoll bouda (Orc:2)
  24 orc priests
  A water moccasin simulacrum (D:3)
  5 hounds
  3 human zombies (Ossuary)
  6 hell rats (D:14)
  Natasha (thrice) (D:4)
  2 iguanas
  18 orc wizards
  4 scorpion zombies (Ossuary)
  A scorpion simulacrum (D:3)
  3 mummies (Ossuary)
  12 gnolls
  11 adders
  4 white imps
  2 ufetubi
  A worm zombie (D:5)
  2 worms
  An adder simulacrum (D:3)
  3 dart slugs
  85 orcs
  10 endoplasms
  2 giant cockroaches
  A gnoll zombie (Ossuary)
  4 goblins
  5 hobgoblins
  3 jackals (D:3)
  A quokka (D:3)
  7 ball pythons
  A ball python simulacrum (D:3)
  5 bats
  A frilled lizard (D:2)
  2 goblin zombies (Ossuary)
  2 hobgoblin zombies (Ossuary)
  A jackal zombie (D:5)
  13 kobolds
  2 kobold zombies (Ossuary)
  2 orc zombies (Ossuary)
  6 rats
  2 briar patches (Swamp:3)
  2 starspawn tentacles (Abyss:2)
1079 creatures vanquished.

Vanquished Creatures (collateral kills)
  Vashnia (Snake:3)
  A bone dragon (Abyss:2)
  A deep elf blademaster (Elf:2)
  A tentacled starspawn (Abyss:2)
  Kirke (D:13)
  A fenstrider witch (Swamp:4)
  3 nagarajas (Snake:4)
  Nessos (Lair:5)
  A deep elf death mage (Elf:2)
  A great orb of eyes (Abyss:2)
  A vault guard (D:14)
  Fannar (Orc:1)
  3 hydras
  2 centaur warriors
  A two-headed ogre (D:15)
  2 alligators
  6 dancing weapons
  2 anacondas (Snake:4)
  2 naga warriors
  A tengu warrior (D:10)
  A sun demon (Abyss:2)
  A spectral dire elephant (Lair:5)
  2 naga sharpshooters
  3 deep elf knights
  3 skeletal warriors
  A wretched star (Abyss:2)
  A goliath frog (Swamp:1)
  3 deep elf archers
  2 swamp dragons
  A bog body (Swamp:4)
  2 naga ritualists
  4 deep elf zephyrmancers
  7 deep elf pyromancers
  An orc sorcerer (Orc:1)
  3 will-o-the-wisps
  2 ugly things
  2 cyclopes
  4 salamanders
  2 elephants (Lair:5)
  A torpor snail (Lair:2)
  An orange demon (Abyss:2)
  10 black mambas
  A naga mage (Snake:4)
  A smoke demon (Abyss:2)
  4 cane toads
  3 komodo dragons
  An ancient zyme (Abyss:2)
  An ice devil (Abyss:2)
  A meliai (D:14)
  A troll (D:13)
  A tyrant leech (Swamp:3)
  3 hornets
  2 blink frogs (Lair:5)
  2 raiju (Abyss:2)
  2 dream sheep (Lair:5)
  2 slime creatures
  A water elemental (Elf:3)
  2 large abominations
  An air elemental (Elf:1)
  3 spriggans
  2 fire elementals
  7 yaks
  A hog (shapeshifter) (D:13)
  2 basilisks (D:14)
  2 small abominations (Abyss:2)
  A vampire (Abyss:2)
  A wyvern (D:14)
  A hog (D:13)
  A chaos spawn (Abyss:2)
  A golden eye (shapeshifter) (D:10)
  2 vampire mosquitoes
  4 nagas
  A spatial vortex (Abyss:2)
  4 water moccasins
  2 swamp drakes
  2 starcursed masses (Abyss:2)
  6 orc warriors
  A black bear (Lair:1)
  An ogre (D:15)
  A wolf (Lair:4)
  6 centaurs
  An elephant skeleton (Lair:5)
  2 bullfrogs
  2 earth elementals
  2 wights (D:10)
  A jelly (Lair:4)
  A quasit (Abyss:2)
  6 orc priests (Orc:2)
  8 orc wizards
  An adder (D:6)
  3 gnolls
  18 orcs
  2 kobolds
  2 briar patches (Swamp:3)
  A lurking horror (Abyss:2)
221 creatures vanquished.

Vanquished Creatures (others)
  A will-o-the-wisp (Swamp:1)
  2 bloated husks
  A hornet (Swamp:1)
  A raiju (Abyss:2)
  A spriggan (Swamp:1)
  25 battlemagi
  An orc wizard (Orc:1)
  An orc (Orc:1)
  A briar patch (Swamp:3)
  5 demonic plants (D:15)
  20 foxfires
  36 fungi
  28 plants
  3 starspawn tentacles (Abyss:2)
  12 withered plants (Lair:5)
138 creatures vanquished.

Grand Total: 1438 creatures vanquished

Notes
Turn   | Place    | Note
-------+----------+-------------------------------------------
     0 | D:1      | freelancePsychic the Minotaur Warper began the quest for
                  | the Orb.
     0 | D:1      | Reached XP level 1. HP: 18/18 MP: 1/1
   231 | D:1      | Reached XP level 2. HP: 25/25 MP: 3/3
   293 | D:1      | Reached skill level 3 in Polearms
   616 | D:2      | Got the Omnibus of the Stallion
   643 | D:2      | Reached XP level 3. HP: 30/30 MP: 4/4
   991 | D:2      | Reached XP level 4. HP: 38/38 MP: 5/5
  1502 | D:3      | Reached skill level 4 in Polearms
  1587 | D:3      | Noticed a scorpion
  1590 | D:3      | Killed a scorpion
  1591 | D:3      | Reached XP level 5. HP: 44/45 MP: 6/6
  1745 | D:3      | Found Gisabah's Armour Shop.
  1800 | D:3      | Found a runed translucent gate.
  1800 | D:3      | Found a runed translucent gate.
  1800 | D:3      | Found a runed translucent gate.
  1978 | D:3      | Noticed koil's ghost (amateur SpEn)
  2251 | D:3      | Reached skill level 5 in Polearms
  2596 | D:3      | Killed koil's ghost
  2597 | D:3      | Reached XP level 6. HP: 37/52 MP: 4/7
  2603 | D:3      | Identified the ring of the Enemy {Fire Fly Will+ Int+3
                  | Slay+2}
  2730 | D:4      | Reached skill level 6 in Polearms
  2915 | D:4      | Found a radiant altar of Vehumet.
  2952 | D:4      | Found a glowing silver altar of Zin.
  3053 | D:4      | Noticed Natasha
  3060 | D:4      | Killed Natasha
  3109 | D:4      | Found a large runed translucent door.
  3109 | D:4      | Found a large runed translucent door.
  3113 | D:4      | Noticed Iusername's ghost (novice MiFi)
  3201 | D:4      | Noticed Natasha
  3208 | D:4      | Killed Natasha
  3496 | D:4      | Noticed Natasha
  3506 | D:4      | Killed Natasha
  3582 | D:5      | Entered Level 5 of the Dungeon
  3590 | D:4      | Reached skill level 5 in Fighting
  3590 | D:4      | Reached XP level 7. HP: 31/61 MP: 3/8
  3809 | D:5      | Found a sand-covered staircase.
  3830 | D:5      | Reached skill level 7 in Polearms
  3831 | Ossuary  | Entered an ossuary
  4098 | Ossuary  | Reached skill level 8 in Polearms
  4108 | Ossuary  | Reached XP level 8. HP: 63/70 MP: 7/9
  4206 | Ossuary  | Reached skill level 5 in Throwing
  4320 | Ossuary  | Reached skill level 9 in Polearms
  4468 | D:5      | Found a staircase to the Ecumenical Temple.
  4498 | Temple   | Entered the Ecumenical Temple
  4498 | Temple   | Found a transporter.
  4498 | Temple   | Found a transporter.
  4500 | Temple   | Found a transporter.
  4500 | Temple   | Found a transporter.
  4522 | Temple   | Became a worshipper of Hepliaklqana the Forgotten
  4635 | D:5      | Noticed Blork the orc
  4645 | D:5      | Killed Blork the orc
  4646 | D:5      | Reached skill level 10 in Polearms
  4670 | D:5      | Reached XP level 9. HP: 65/79 MP: 8/10
  4905 | D:5      | Found a runed translucent door.
  5438 | D:5      | Identified the +1 plate armour of Moral Flaws {rF+}
  5549 | D:6      | Noticed Duvessa
  5549 | D:6      | Noticed Dowan
  5564 | D:6      | Killed Duvessa
  5568 | D:6      | Killed Dowan
  5728 | D:6      | Reached skill level 11 in Polearms
  5728 | D:6      | Reached skill level 1 in Invocations
  5985 | D:6      | Reached * piety under Hepliaklqana
  6144 | D:6      | Noticed Maggie
  6159 | D:6      | Killed Maggie
  6160 | D:6      | Reached skill level 12 in Polearms
  6653 | D:7      | Reached XP level 10. HP: 81/81 MP: 11/11
  6952 | D:7      | Found a blossoming altar of Fedhas.
  7324 | D:3      | Bought a +2 cloak for 198 gold pieces
  7558 | D:8      | Reached ** piety under Hepliaklqana
  7559 | D:8      | Remembered your ancestor Pasiphae as a battlemage
  7565 | D:8      | Found a staircase to the Lair.
  7572 | D:8      | Noticed Psyche
  7582 | D:8      | Killed Psyche
  8061 | D:9      | Reached skill level 13 in Polearms
  8139 | D:9      | Reached skill level 5 in Invocations
  8141 | D:9      | Reached skill level 10 in Fighting
  8811 | D:10     | Entered Level 10 of the Dungeon
  8841 | D:10     | Reached skill level 14 in Polearms
  8843 | D:10     | Noticed Erolcha
  8854 | D:10     | Killed Erolcha
  8867 | D:10     | Reached XP level 11. HP: 66/90 MP: 9/14
  9181 | D:10     | Reached *** piety under Hepliaklqana
  9294 | D:10     | Noticed a red ugly thing
  9294 | D:10     | Noticed a centaur warrior
  9303 | D:10     | Killed a centaur warrior
  9309 | D:10     | Killed a red ugly thing
  9313 | D:10     | Noticed a deep elf pyromancer
  9323 | D:10     | Killed a deep elf pyromancer
  9352 | D:10     | Noticed a tengu warrior
  9358 | D:10     | Killed a tengu warrior
  9359 | D:10     | Reached skill level 15 in Polearms
  9367 | D:10     | Noticed a mana viper
  9369 | D:10     | Killed a mana viper
  9369 | D:10     | Noticed a deep elf pyromancer
  9374 | D:10     | Killed a deep elf pyromancer
  9621 | D:10     | Reached skill level 5 in Armour
  9912 | D:3      | Bought a +2 pair of boots for 198 gold pieces
 10216 | D:11     | Found a staircase to the Orcish Mines.
 10225 | D:11     | Reached skill level 16 in Polearms
 10337 | D:11     | Noticed a brown ugly thing
 10345 | D:11     | Killed a brown ugly thing
 10620 | D:11     | Noticed a two-headed ogre
 10624 | D:11     | Killed a two-headed ogre
 10625 | D:11     | Reached XP level 12. HP: 90/100 MP: 13/15
 10841 | D:11     | Noticed an ice dragon
 10845 | D:11     | Identified the ring "Ogudapro" {Ice *Slow rElec rPois
                  | Str+4}
 10848 | D:11     | Killed an ice dragon
 10853 | D:11     | Reached skill level 17 in Polearms
 10863 | D:11     | HP: 3/101 [skeletal warrior/+0 trident (9)]
 11069 | D:11     | Identified the +1 buckler of Ryicab {Regen+ rCorr Dex-4}
 11384 | D:12     | Noticed a two-headed ogre
 11509 | Lair:1   | Entered Level 1 of the Lair of Beasts
 11512 | Lair:1   | Reached **** piety under Hepliaklqana
 11614 | Lair:1   | Reached skill level 18 in Polearms
 12031 | Lair:2   | Noticed a six-headed hydra
 12041 | Lair:2   | Killed a six-headed hydra
 12123 | Lair:2   | Noticed a catoblepas
 12127 | Lair:2   | Killed a catoblepas
 12493 | Lair:2   | Noticed a minotaur
 12493 | Lair:2   | Noticed Takou's ghost (journeyman AtFi)
 12498 | Lair:2   | Found a staircase to the Swamp.
 12501 | Lair:2   | Found a runed translucent gate.
 13187 | Lair:2   | Found a runed translucent gate.
 13193 | Lair:2   | Found a runed translucent gate.
 13443 | Lair:3   | Noticed Sonja
 13445 | Lair:3   | Sonja changed into Sonja the basilisk
 13445 | Lair:3   | Noticed Sonja
 13450 | Lair:3   | Killed Sonja the basilisk
 13546 | Lair:3   | Reached skill level 19 in Polearms
 13550 | Lair:3   | Reached XP level 13. HP: 88/110 MP: 12/16
 13684 | Lair:3   | Found a staircase to the Snake Pit.
 13695 | Lair:3   | Reached ***** piety under Hepliaklqana
 14593 | Lair:4   | Found a staircase to the Slime Pits.
 14813 | Lair:4   | Found a hazy altar of Hepliaklqana.
 14841 | Lair:4   | Reached skill level 20 in Polearms
 15070 | Lair:5   | Entered Level 5 of the Lair of Beasts
 15131 | Lair:5   | Reached skill level 15 in Fighting
 15275 | Lair:5   | Noticed Nessos
 15284 | Lair:5   | Killed Nessos
 15742 | Lair:5   | Reached skill level 21 in Polearms
 15897 | Lair:5   | Reached XP level 14. HP: 98/121 MP: 10/17
 17260 | D:12     | Reached skill level 22 in Polearms
 17877 | D:12     | Found an iron altar of Okawaru.
 18406 | D:13     | Identified the ring of Daqoqec {Wiz Contam rF+ Will- Str+8}
 18418 | D:13     | Got the Anthology of the Undead
 18717 | D:13     | Noticed Kirke
 18727 | D:13     | Killed Kirke
 19207 | D:14     | Identified a scroll of acquirement
 19208 | D:14     | Acquired the +2 pair of gloves of Zixugraq {Int+2}
 19237 | D:14     | Reached XP level 15. HP: 103/130 MP: 15/20
 19997 | D:14     | Reached skill level 23 in Polearms
 20030 | Abyss:2  | Cast into level 2 of the Abyss (a wizard)
 20192 | Abyss:2  | Noticed a bone dragon
 20200 | Abyss:2  | Killed a bone dragon
 20233 | Abyss:2  | Noticed a bone dragon
 20234 | Abyss:2  | Noticed a daeva
 20250 | Abyss:2  | Killed a bone dragon
 20255 | Abyss:2  | Killed a daeva
 20288 | D:14     | Escaped the Abyss
 20479 | D:14     | Found a gate to the Vaults.
 20621 | D:15     | Entered Level 15 of the Dungeon
 20685 | D:15     | Noticed Louise
 20697 | D:15     | Killed Louise
 21086 | D:15     | Reached skill level 24 in Polearms
 21088 | D:15     | Learned a level 1 spell: Apportation
 21091 | D:15     | Learned a level 2 spell: Blink
 21096 | D:15     | Learned a level 4 spell: Manifold Assault
 21421 | D:15     | Identified Roxanne's Opusculum on the Lithosphere
 21421 | D:15     | Noticed Roxanne
 21542 | D:15     | Noticed Jorgrun
 21551 | D:15     | Killed Jorgrun
 21849 | D:15     | Found Payblom's Book Emporium.
 21852 | D:15     | Reached ****** piety under Hepliaklqana
 21861 | D:15     | Learned a level 3 spell: Lesser Beckoning
 21986 | D:15     | Found a staircase to the Depths.
 21993 | D:15     | Reached skill level 5 in Translocations
 21993 | D:15     | Reached XP level 16. HP: 140/140 MP: 21/21
 22312 | Orc:1    | Entered Level 1 of the Orcish Mines
 22312 | Orc:1    | Noticed Fannar
 22316 | Orc:1    | Killed Fannar
 22432 | Orc:1    | Found Jugergha's Magic Scroll Shoppe.
 22446 | Orc:1    | Bought a scroll of blinking for 82 gold pieces
 22602 | Orc:2    | Entered Level 2 of the Orcish Mines
 22603 | Orc:2    | Noticed Snorg
 22612 | Orc:2    | Killed Snorg
 22707 | Orc:2    | Reached skill level 10 in Armour
 22736 | Orc:2    | Found Coorauts's Jewellery Shop.
 22736 | Orc:2    | Found Tira's Assorted Antiques.
 22736 | Orc:2    | Found Oluivvayxt's Armour Shop.
 22739 | Orc:2    | Found Ceut's Weapon Boutique.
 23034 | Orc:2    | Found a staircase to the Elven Halls.
 23154 | Orc:2    | Found a runed translucent door.
 23154 | Orc:2    | Noticed chippings's ghost (journeyman HuCA)
 23412 | D:10     | Noticed Maurice
 23414 | D:10     | Paralysed by Maurice for 4 turns
 23419 | D:10     | Killed Maurice
 23539 | Snake:1  | Entered Level 1 of the Snake Pit
 23539 | Snake:1  | Found Zileudd's Weapon Boutique.
 23546 | Snake:1  | Noticed Aizul
 23555 | Snake:1  | Killed Aizul
 23684 | Snake:1  | Noticed Mlioglotl
 23690 | Snake:1  | Killed Mlioglotl
 24720 | Snake:2  | Found Waar's Vocational Training.
 24748 | Snake:2  | Bought a manual of Invocations for 1600 gold pieces
 24959 | Snake:2  | Found a white marble altar of Elyvilon.
 25113 | Snake:2  | Found Noas's Weapon Emporium.
 25444 | Snake:3  | Reached skill level 10 in Invocations
 25555 | Snake:3  | Noticed Vashnia
 25638 | Snake:3  | Killed Vashnia
 25942 | Snake:3  | Reached XP level 17. HP: 136/151 MP: 24/24
 26381 | Snake:3  | Noticed Agnes
 26386 | Snake:3  | Killed Agnes
 26740 | Snake:4  | Entered Level 4 of the Snake Pit
 27351 | Snake:4  | Noticed Donald
 27365 | Snake:4  | Killed Donald
 28074 | Snake:4  | Got a serpentine rune of Zot
 28543 | Snake:4  | Found a shadowy altar of Dithmenos.
 28583 | Snake:4  | Identified the +9 shortbow of Big Damage {vorpal, rPois
                  | Will+ Str-2 SInv}
 28901 | Swamp:1  | Entered Level 1 of the Swamp
 29499 | Swamp:1  | Reached skill level 5 in Dodging
 29594 | Swamp:1  | Reached skill level 15 in Armour
 29636 | Swamp:2  | Noticed Pooter's ghost (adept MiBe)
 29636 | Swamp:2  | Found a transporter.
 29646 | Swamp:2  | Reached XP level 18. HP: 155/156 MP: 26/26
 29649 | Swamp:2  | Found a transporter.
 31209 | Swamp:4  | Entered Level 4 of the Swamp
 31962 | Swamp:4  | Got a decaying rune of Zot
 32178 | Swamp:4  | Noticed Bai Suzhen
 32188 | Swamp:4  | Killed Bai Suzhen
 32337 | Swamp:4  | Reached skill level 10 in Dodging
 33255 | Elf:1    | Entered Level 1 of the Elven Halls
 33332 | Elf:1    | Paralysed by an air elemental for 1 turns
 33605 | Elf:1    | Identified the +3 spear of Distant Worlds {flame, rPois rF+
                  | rN+ Int+4}
 33760 | Elf:1    | Reached XP level 19. HP: 166/166 MP: 27/27
 34032 | Lair:2   | Killed Takou's ghost
 34268 | Orc:2    | Bought a scroll of enchant weapon for 232 gold pieces
 34440 | Elf:1    | Reached skill level 1 in Evocations
 34608 | Elf:1    | Found a runed translucent gate.
 34608 | Elf:1    | Found a runed translucent gate.
 34608 | Elf:1    | Found a runed translucent gate.
 34633 | Elf:1    | You fall into a shaft and drop 1 floor!
 34909 | Elf:2    | Found a runed translucent gate.
 34909 | Elf:2    | Found a runed translucent gate.
 34909 | Elf:2    | Found a runed translucent gate.
 34941 | Elf:2    | Reached skill level 5 in Evocations
 35759 | Elf:2    | Found Vuceh's Distillery.
 36618 | Elf:3    | Entered Level 3 of the Elven Halls
 36991 | Elf:3    | Reached skill level 10 in Evocations
 36993 | Abyss:2  | Cast into level 2 of the Abyss (a deep elf sorcerer)
 37353 | Abyss:2  | Reached XP level 20. HP: 82/173 MP: 9/28
 37358 | Elf:3    | Escaped the Abyss
 37365 | Elf:3    | HP: 4/173 [deep elf archer/arrow (10)]
 37365 | Elf:3    | Killed from afar by a deep elf high priest

Illustrated notes

Levels and vault maps discovered:
D:1:      wander_arrival_abandoned_jail, layout_basic, grunt_decor_fettered,
          minmay_misc_feat_cross, chequers_decorated_corner
D:2:      layout_basic, kennysheep_cluttered_room
D:3:      layout_basic, gammafunk_ghost_icy, serial_shops, shop
D:4:      layout_basic, minitemple, ebering_ghost_disaster_area, uniq_natasha
D:5:      layout_rooms, minmay_temple_entry_proselytizer, enter_ossuary_3,
          lightli_church_of_beogh, uniq_blork_the_orc
D:6:      layout_gridville, uniq_maggie, uniq_duvessa
D:7:      layout_rooms, mainiacjoe_overflow_24_doors, st_stairs_6,
          columned_hall_lemuel
D:8:      layout_cave_pools, lair_entry_dummy, dk_vineyard_2, uniq_psyche
D:9:      layout_basic
D:10:     minmay_the_grid_four_pointed_star_mashed
          [minmay_the_grid_triangle_9x9_dagger,
          minmay_the_grid_triangle_9x9_warning,
          minmay_the_grid_triangle_9x9_alien,
          minmay_the_grid_triangle_9x9_swiss_cheese,
          minmay_the_grid_prize_inner_circle], layout_cave_pools, uniq_erolcha,
          uniq_maurice
D:11:     dragon1_lemuel, layout_small_grid, hiddenorc2_lemuel
D:12:     layout_irregular_city, okawaru_humans
D:13:     minmay_strange_plus, layout_rooms, uniq_kirke
D:14:     layout_roguey [special_room_bee], grunt_vaults_entry_fortified,
          hangedman_abyss_or_decor_stagger, special_room
          [special_room_mythical_zoo], fountainhead
D:15:     gammafunk_enter_depths_forms, layout_irregular_city, serial_shops,
          shop_statue, dreamdust_princess_corridor, uniq_jorgrun, uniq_roxanne,
          uniq_louise
Temple:   hellmonk_temple_divided_pantheon
Lair:1:   layout_roguey
Lair:2:   layout_regular_city, minmay_swamp_entry_eels,
          maelrawn_ghost_gauntlet_escape, dreamdust_mushroom_princess,
          grunt_megastairs_1, infiniplex_staircase_pool, lemuel_fruit_tree,
          serial_bayou_shore_b
Lair:3:   layout_chaotic_city, minmay_snake_entry_six_corridors, uniq_sonja
Lair:4:   layout_misc_corridors, nicolae_slime_entry_slimehenge, basic_altar,
          chequers_serial_rivers_marsh
Lair:5:   due_jungle_book, layout_regular_city, kennysheep_basilisk_garden,
          serial_bayou_shore_b, uniq_nessos
Swamp:1:  layout_falls_marsh, nicolae_swamp_orc_logging_accident, swamp_pool5
Swamp:2:  layout_basic_swamp, gammafunk_ghost_arena,
          evilmike_swamp_ruin_house_3, swamp_pool1, st_swamp_ruins_4
Swamp:3:  nicolae_swamp_secret_spriggan_hideout, layout_basic_swamp,
          nicolae_swamp_very_dense_foliage
Swamp:4:  swamp_vile, layout_basic_swamp, swamp_pool2, serial_swamp_ruin,
          evilmike_swamp_ruin_rubble_1, evilmike_swamp_ruin_rubble_2,
          nicolae_swamp_wisp_ring_woods, uniq_bai_suzhen
Snake:1:  layout_misc_corridors, serial_shops, nicolae_shop_trees,
          nicolae_large_snake_swirl, uniq_mlioglotl, uniq_aizul
Snake:2:  layout_basic, basic_altar, serial_shops,
          nicolae_shop_bloodbath_and_beyond, nicolae_shop_vocational
Snake:3:  layout_cave_town, uniq_vashnia, uniq_agnes
Snake:4:  grunt_snake_rune_serpentine_throne, layout_basic, lemuel_oklob_altar,
          uniq_donald
Orc:1:    layout_caves, serial_shops, nicolae_shop_hallway_plus,
          nicolae_orc_tapped_out, uniq_fannar
Orc:2:    st_orc_mages, layout_caves, gammafunk_ghost_grave, uniq_snorg
Elf:1:    eino_elf_arrival_customs, layout_gridlike,
          hangedman_elven_crosses_minicolossus, nicolae_elf_hall_of_bonks
Elf:2:    elven_hall_of_blades_hangedman_original
          [nicolae_vaults_blade_armed_guards], layout_loops_corners,
          serial_shops, nicolae_shop_trees
Elf:3:    minmay_elf_hall_circle, layout_rooms, minmay_fountain_box,
          st_stairs_10

Skill      XL: |  1  2  3  4  5  6  7  8  9 10 11 12 13 14 15 16 17 18 19 |
---------------+----------------------------------------------------------+-----
Polearms       | 3 4 5 6 8 10 12 14 16 19 21 22 24 | 24.0
Throwing       | 2 3 4 5 6 |  6.2
Fighting       | 3 4 5 7 8 10 12 13 15 16 17 19 20 | 20.0
Invocations    | 3 5 6 8 10 13 | 13.1
Armour         | 5 7 9 12 15 18 19 | 19.3
Translocations | 5 6 |  6.6
Spellcasting   | 2 |  2.6
Dodging        | 5 11 13 | 13.0
Evocations     | 11 | 11.5

Action                   |  1- 3 |  4- 6 |  7- 9 | 10-12 | 13-15 | 16-18 | 19-21 || total
-------------------------+-------+-------+-------+-------+-------+-------+-------++-------
Melee: Spear             |    89 |    93 |       |       |       |       |       ||   182
       Headbutt          |    11 |    14 |    70 |    37 |    74 |    89 |    24 ||   319
       Punch             |     1 |     1 |     3 |       |       |       |       ||     5
       Trident           |       |    24 |   372 |    95 |       |       |       ||   491
       Bardiche          |       |       |       |   247 |   524 |   780 |   230 ||  1781
       Unarmed           |       |       |       |       |     2 |       |       ||     2
Throw: Stone             |     9 |     4 |       |       |       |       |       ||    13
       Dart              |       |     4 |    11 |    15 |       |       |       ||    30
       Boomerang         |       |     2 |       |       |    24 |       |       ||    26
 Cast: Lesser Beckoning  |       |       |       |       |     2 |    27 |     4 ||    33
       Manifold Assault  |       |       |       |       |       |     9 |       ||     9
Invok: Ancestor Identity |       |       |     2 |       |       |       |       ||     2
       Ancestor Life: Ba |       |       |       |     1 |       |       |       ||     1
       Idealise          |       |       |       |       |     5 |     7 |     4 ||    16
       Recall Ancestor   |       |       |       |       |     1 |       |     1 ||     2
       Transference      |       |       |       |       |       |     1 |       ||     1
Evoke: Wand              |       |       |       |    12 |     1 |       |       ||    13
  Use: Scroll            |     2 |     4 |     5 |    16 |    12 |     7 |     3 ||    49
       Potion            |       |     1 |     1 |     1 |     1 |     2 |     7 ||    13
 Stab: Distracted        |       |       |       |     6 |    16 |    17 |     8 ||    47
       Invisible         |       |       |       |       |       |       |     2 ||     2
Armor: Leather armour    |    18 |     2 |       |       |       |       |       ||    20
       Scale mail        |       |    28 |    76 |       |       |       |       ||   104
       Plate armour      |       |       |    36 |   137 |   201 |   292 |    96 ||   762
Dodge: Dodged            |    40 |    33 |    92 |    95 |    91 |   155 |    75 ||   581

Table legend: (Time is in decaauts)
 A = Elapsed time spent in this place.
 B = Non-inter-level travel time spent in this place.
 C = Inter-level travel time spent in this place.
 D = Time resting spent in this place.
 E = Time spent auto-exploring this place.
 F = Levels seen in this place.
 G = Mean time per level.
                   A        B        C        D        E       F      G
               +--------+--------+--------+--------+--------+-----+--------+
         Total |  37232 |  34495 |   2737 |   1322 |  27737 |  37 | 1006.3 |
       Dungeon |  16009 |  14345 |   1664 |    606 |  11443 |  15 | 1067.3 |
        Temple |     38 |     38 |      0 |      0 |      0 |   1 |   38.0 |
          Lair |   5898 |   5471 |    427 |    450 |   4359 |   5 | 1179.6 |
         Swamp |   4341 |   4126 |    215 |      0 |   3529 |   4 | 1085.2 |
     Snake Pit |   5215 |   5088 |    127 |    245 |   4119 |   4 | 1303.8 |
  Orcish Mines |   1200 |   1008 |    192 |      0 |    842 |   2 |  600.0 |
   Elven Halls |   3316 |   3205 |    111 |      0 |   2724 |   3 | 1105.3 |
         Abyss |    594 |    594 |      0 |     21 |    303 |   2 |  297.0 |
       Ossuary |    618 |    618 |      0 |      0 |    416 |   1 |  618.0 |
               +--------+--------+--------+--------+--------+-----+--------+

Top non-repeatable levels by time:
  Lair:5: 1964 daAuts
 Swamp:4: 1846 daAuts
 Snake:4: 1768 daAuts
   Elf:2: 1744 daAuts
  Lair:2: 1699 daAuts
 Snake:3: 1599 daAuts
    D:15: 1586 daAuts
    D:11: 1423 daAuts
     D:3: 1388 daAuts
    D:14: 1324 daAuts
   Elf:1: 1202 daAuts
     D:6: 1153 daAuts
     D:9: 1139 daAuts
     D:5: 1132 daAuts
 Snake:2: 1092 daAuts
